 Dungeon Crawl Stone Soup version 0.29.1-2-gbd0b4ee654 (webtiles) character file.

Game seed: 1225974135094699053

6 IcthciusIcarus the Chopper (level 1, -1/16 HPs)
             Began as a Demonspawn Gladiator on Nov 28, 2022.
             Slain by an endoplasm (2 damage)
             ... on level 1 of the Dungeon.
             The game lasted 00:02:53 (184 turns).

IcthciusIcarus the Chopper (Demonspawn Gladiator)    Turns: 184, Time: 00:02:54

Health: -1/16      AC:  4    Str: 14    XL:     1   Next: 75%
Magic:  1/1        EV: 12    Int:  9    God:
Gold:   0          SH:  0    Dex: 14    Spells: 0/0 levels left

rFire   . . .      SeeInvis .   a - +0 war axe
rCold   . . .      Faith    .   (no shield)
rNeg    . . .      Spirit   .   b - +0 leather armour
rPois   .          Reflect  .   c - +0 helmet
rElec   .          Harm     .   (no cloak)
rCorr   .          Rampage  .   (no gloves)
Will    .....                   (no boots)
Stlth   +.........              (no amulet)
HPRegen 0.05/turn               (no ring)
MPRegen 0.07/turn               (no ring)

@: no status effects
A: no striking features
a: no special abilities


You were on level 1 of the Dungeon.
You visited 1 branch of the dungeon, and saw 1 of its levels.

Inventory:

Hand Weapons
 a - a +0 war axe (weapon)
 f - a +0 dagger
 i - a +0 mace
Missiles
 d - 3 throwing nets (quivered)
 e - a javelin
 g - 3 poisoned darts
Armour
 b - a +0 leather armour (worn)
 c - a +0 helmet (worn)
Potions
 h - 2 potions of haste {unknown}


   Skills:
 + Level 2.1 Fighting
 + Level 2.9 Axes
 + Level 1.8 Throwing
 + Level 2.8 Dodging


You couldn't memorise any spells.
You didn't know any spells.
Your spell library contained the following spells:

 Spells                   Type           Power      Damage    Failure   Level
 Apportation              Tloc           0%         N/A       45%         1
 Sandblast                Erth           0%         2d4       45%         1
 Summon Small Mammal      Summ           0%         N/A       45%         1
 Passwall                 Tmut/Erth      0%         N/A       61%         2
 Call Canine Familiar     Summ           0%         N/A       83%         3
 Ozocubu's Armour         Ice            0%         N/A       83%         3
 Stone Arrow              Conj/Erth      0%         3d7       83%         3
 Summon Guardian Golem    Hex/Summ       0%         N/A       83%         3
 Passage of Golubria      Tloc           0%         N/A       99%         4


Dungeon Overview and Level Annotations

Branches:
Dungeon (1/15)

Altars:


Message History

Found 3 poisoned darts.
Found a mace and 2 emerald potions.
You pick up a book of Callings and begin reading...
You add the spells Summon Small Mammal, Call Canine Familiar and Summon Guardian Golem to your library.
Found a cloak.
A frilled lizard comes into view.
The frilled lizard hisses angrily.
You see here 2 emerald potions.
You see here 2 emerald potions.
You see here 3 poisoned darts.
g - 3 poisoned darts The frilled lizard barely misses you.
You slash the frilled lizard!
You kill the frilled lizard!
h - 2 emerald potions
Found a scroll labelled DAPEMU XORI and a scroll labelled FUEMEDGH ILEAZ.
A frilled lizard comes into view.
You see here a +0 mace.
i - a +0 mace You hit the frilled lizard but do no damage.
The frilled lizard barely misses you.
You miss the frilled lizard.
The frilled lizard bites you but does no damage.
The frilled lizard closely misses you.
You slash the frilled lizard!
You kill the frilled lizard!
You see here a frilled lizard corpse.
An endoplasm comes into view.
The endoplasm quivers.
You see here a scroll labelled FUEMEDGH ILEAZ.
The endoplasm freezes you.
You are frozen.
* * * LOW HITPOINT WARNING * * *
You hit the endoplasm.
The endoplasm is severely wounded.
The endoplasm hits you but does no damage.
You hit the endoplasm but do no damage.
The endoplasm is severely wounded.
The endoplasm hits you.
You die...

#.##?.### #.##.#.###.
###.......####.#..#.....
....#...#.........#.8.8.
#...............#..8..
#.....†.......#.8.8.
#.............#.....
#.............######
#..J...........#
#..@...........#
#.?............#
#..............#
#........#######
###......# #.[....#
#......# #......#
#......#


You could see an endoplasm.

Vanquished Creatures
  A dart slug (D:1)
  An endoplasm (D:1)
  2 frilled lizards (D:1)
  A rat (D:1)
5 creatures vanquished.

Notes
Turn   | Place    | Note
-------+----------+-------------------------------------------
     0 | D:1      | IcthciusIcarus the Demonspawn Gladiator began the quest for
                  | the Orb.
     0 | D:1      | Reached XP level 1. HP: 16/16 MP: 1/1
    26 | D:1      | Got the Tome of the Tesseract and Graupel
   184 | D:1      | Slain by an endoplasm

Illustrated notes

Levels and vault maps discovered:
D:1:      ncdulo_halloftheorcs, layout_rooms

Action                   || total
-------------------------++-------
Melee: War axe           ||    14
Armor: Leather armour    ||     2
Dodge: Dodged            ||     6
